 Dungeon Crawl Stone Soup version 0.23.1-44-gbd83930989 (webtiles) character file.

Game seed: 14910823144464957481

527 madbatwithhat the Chopper (level 7, -2/54 HPs)
             Began as a Human Berserker on Mar 30, 2019.
             Was a Priest of Trog.
             Slain by a killer bee (4 damage)
             ... on level 5 of the Dungeon.
             The game lasted 00:22:38 (2846 turns).

madbatwithhat the Chopper (Human Berserker)         Turns: 2846, Time: 00:22:39

Health: -2/54      AC:  9    Str: 19 (20) XL:     7   Next: 47%
Magic:  7/7        EV:  8    Int:  6 (7)  God:    Trog [***...]
Gold:   163        SH:  4    Dex:  9 (12) Spells: 6/6 levels left

rFire    . . .     SeeInvis .   A - +0 flail
rCold    . . .     Gourm    .   (no shield)
rNeg     . . .     Faith    .   o - +0 chain mail
rPois    +         Spirit   .   (no helmet)
rElec    .         Reflect  +   (no cloak)
rCorr    .         Harm     .   (no gloves)
MR       .....                  (no boots)
Stlth    ..........             j - +4 amulet of reflection
HPRegen  0.18/turn              v - ring of poison resistance
MPRegen  0.10/turn              (no ring)

@: lethally poisoned (-2 -> -4)
A: no striking features
a: Berserk, Trog's Hand, Renounce Religion


You were on level 5 of the Dungeon.
You worshipped Trog.
Trog was most pleased with you.
You were not hungry.

You visited 1 branch of the dungeon, and saw 5 of its levels.

You collected 163 gold pieces.

Inventory:

Hand Weapons
 a - a +0 hand axe
 g - a +0 club
 i - a +0 short sword
 m - a +0 scythe
 p - a +0 hand axe
 y - a +0 mace
 A - a +0 flail (weapon)
Missiles
 h - 40 stones (quivered)
 t - 7 poisoned needles
Armour
 b - a +0 animal skin
 f - a +0 scale mail
 k - a +0 leather armour
 l - a +0 leather armour
 o - a +0 chain mail (worn)
 q - a +0 robe
 s - a +0 ring mail
 x - the +8 orange crystal plate armour {Archmagi, Int+3 Clar}
   (You found it on level 4 of the Dungeon)

   It affects your intelligence (+3).
   It protects you against confusion.
Jewellery
 j - a +4 amulet of reflection (around neck)
 v - a ring of poison resistance (left hand)
 D - an uncursed amulet of rage {unknown}
Wands
 H - a wand of flame (28)
Scrolls
 d - 4 scrolls of enchant armour {unknown}
 n - 2 scrolls of identify {unknown}
 z - 2 scrolls of magic mapping {unknown}
 B - a scroll of amnesia {unknown}
 C - a scroll of blinking {unknown}
 E - a scroll of remove curse {unknown}
 F - a scroll of teleportation {unknown}
 G - a scroll of enchant weapon {unknown}
Potions
 r - 2 potions of heal wounds {unknown}
 u - a potion of lignification {unknown}
 w - a potion of ambrosia {unknown}
Comestibles
 c - 7 rations


   Skills:
 + Level 4.2 Fighting
 + Level 5.2(5.5) Axes
 + Level 2.2(4.0) Maces & Flails
 + Level 3.9 Armour
 + Level 3.1 Dodging
 + Level 1.2 Stealth


You had 6 spell levels left.
You didn't know any spells.
Your spell library was empty.

Dungeon Overview and Level Annotations

Branches:
Dungeon (5/15)
 Temple: D:4-7

Altars:


Message History

You miss the killer bee.
The killer bee is heavily wounded.
The killer bee stings you but does no damage. x2
You feel sick.
You feel sick. The killer bee stings you.
* * * LOW HITPOINT WARNING * * *
The killer bee stings you but does no damage.
You feel sick. The killer bee stings you.
* * * LOW HITPOINT WARNING * * *
The killer bee closely misses you.
You miss the killer bee.
The killer bee is heavily wounded.
You feel sick. The killer bee stings you.
* * * LOW HITPOINT WARNING * * *
The killer bee closely misses you.
It was a potion of degeneration.
There was something very wrong with that liquid.
You feel weakened.
You feel dopey.
You feel clumsy. The killer bee stings you.
You die...

...yy.s.#
.#.#
#######s#
.... #.# ..#
.# #.##..#...
#yy.......
##Yy.#####
#y### #y# .#
####@# ..
#≈...## #
.......≈.#.##
≈.≈.≈%≈..##.#
##
.....).≈.#..#
#.
######≈...#.#
#. ######.#
### #.
#.###.## #.
#.##...## #.


You could see an ice beast, a scorpion and 5 killer bees.

Vanquished Creatures
  Sigmund (D:2)
  A howler monkey (D:4)
  2 hounds
  A centaur skeleton (D:4)
  2 worker ants (D:4)
  A hound zombie (D:5)
  5 adders
  3 gnolls (D:5)
  2 river rats (D:3)
  3 oozes
  2 worms (D:3)
  2 dart slugs (D:2)
  4 leopard geckos
  3 ball pythons
  3 goblins
  6 hobgoblins
  5 jackals
  5 kobolds
  2 quokkas
  9 bats
  6 frilled lizards
  4 rats
72 creatures vanquished.

Notes
Turn   | Place    | Note
-------+----------+-------------------------------------------
     0 | D:1      | madbatwithhat the Human Berserker began the quest for the
                  | Orb.
     0 | D:1      | Reached XP level 1. HP: 18/18 MP: 1/1
    75 | D:1      | Reached XP level 2. HP: 19/24 MP: 2/2
   499 | D:2      | Reached XP level 3. HP: 20/29 MP: 3/3
   499 | D:2      | Noticed Sigmund
   537 | D:2      | HP: 1/29 [Sigmund/+0 scythe (4)]
   556 | D:2      | Killed Sigmund
   556 | D:2      | Reached ** piety under Trog
   556 | D:2      | Reached skill level 4 in Axes
   556 | D:2      | Reached XP level 4. HP: 3/37 MP: 4/4
   556 | D:2      | Reached XP level 5. HP: 4/42 MP: 5/5
   556 | D:2      | Reached XP level 6. HP: 4/48 MP: 6/6
  1559 | D:3      | Reached skill level 1 in Stealth
  1600 | D:3      | Paralysed by fainting for 6 turns
  1622 | D:3      | Paralysed by fainting for 9 turns
  1642 | D:3      | Paralysed by fainting for 9 turns
  1658 | D:3      | Paralysed by fainting for 7 turns
  1690 | D:3      | Paralysed by fainting for 10 turns
  1810 | D:4      | Found the +8 orange crystal plate armour {Archmagi, Int+3
                  | Clar}
  1938 | D:4      | Reached skill level 5 in Axes
  2191 | D:4      | Reached XP level 7. HP: 35/54 MP: 7/7
  2360 | D:3      | Reached *** piety under Trog
  2360 | D:3      | Reached skill level 1 in Maces & Flails
  2564 | D:5      | Entered Level 5 of the Dungeon
  2845 | D:5      | HP: 2/54 [killer bee (2)]
  2846 | D:5      | Slain by a killer bee

Skill      XL: |  1  2  3  4  5  6  7 |
---------------+----------------------+-----
Axes           | 4 5 |  5.2
Armour         | 3 |  3.9
Stealth        | 1 |  1.2
Dodging        | 3 |  3.1
Fighting       | 4 |  4.2
Maces & Flails | 2 |  2.2

Action                   |  1- 3 |  4- 6 |  7- 9 || total
-------------------------+-------+-------+-------++-------
Melee: Hand axe          |    99 |   134 |       ||   233
       Flail             |       |    45 |   101 ||   146
  Use: Potion            |     2 |       |     1 ||     3
 Stab: Invisible         |     1 |       |       ||     1
  Eat: Ration            |       |     2 |       ||     2
Armor: Scale mail        |    52 |       |       ||    52
       Chain mail        |     9 |   119 |    68 ||   196
Dodge: Dodged            |    74 |    73 |    47 ||   194
Block: Other             |     1 |    37 |    18 ||    56
       Reflection        |       |     1 |       ||     1
